AoeStats
← felipecmtz

Nomad

503640998Analyzed
4v4 RM · 1mo ago on Sep 1, 2026· 74m 14s· 8 players
Game mode
Random Map
Map size
231×231
Population
200
Speed
Normal
Resources
Standard
Victory
Conquest
Starting age
Dark Age
Ending age
Imperial Age
RankedLock teamsTeams togetherTeam positionsShared explorationLock speedFull tech treeHidden civsTurbo modeCheats
Victory
Defeat
🇲🇽 Khitans · Mexico
793
+10
🇫🇷 Franks · France
790
+10
🇨🇴 Goths · Colombia
708
+14
🇦🇷 Italians · Argentina
579
+19
🇮🇹 Slavs · Italy
680
-14
🇮🇳 Hindustanis · India
665
-14
🇨🇭 Byzantines · Switzerland
651
-13
🇪🇸 Dravidians · Spain
631
-12
madnessss86
4:07 Loom
19:59 Feudal Age
42:15 Double-Bit Axe
44:40 Horse Collar
49:27 Castle Age
50:43 Pikeman
53:19 Heavy Plow
53:52 Squires
53:38 Gambesons
54:06 Forging
53:57 Scale Mail Armor
54:04 Scale Barding Armor
55:34 Husbandry
58:40 Imperial Age
62:26 Iron Casting
Shahanshah 7
20:34 Feudal Age
19:56 Loom
25:03 Castle Age
26:57 Forging
26:53 Scale Barding Armor
27:43 Husbandry
28:56 Wheelbarrow
37:28 Hand Cart
42:52 Imperial Age
43:06 Heavy Camel Rider
43:57 Bloodlines
44:02 Double-Bit Axe
46:45 Iron Casting
46:32 Chain Barding Armor
49:06 Chemistry
62:37 Hoardings
giodi86
3:24 Loom
17:00 Feudal Age
17:55 Horse Collar
17:58 Man-at-Arms
18:37 Stone Mining
18:33 Fishing Lines
18:49 Town Watch
19:06 Town Watch
20:34 Wheelbarrow
24:38 Gold Mining
24:38 Double-Bit Axe
27:47 Castle Age
26:16 Bloodlines
26:02 Fletching
30:26 Bow Saw
30:50 Caravan
30:14 Pikeman
30:17 Crossbowman
31:51 Gold Shaft Mining
32:55 Forging
32:48 Squires
33:08 Hand Cart
33:57 Scale Mail Armor
34:20 Elite Skirmisher
37:42 Fortified Wall
40:25 Imperial Age
38:39 Masonry
38:34 Padded Archer Armor
38:47 Murder Holes
39:00 Light Cavalry
40:05 Ballistics
40:02 Scale Barding Armor
41:26 Iron Casting
42:13 Two-Man Saw
41:20 Heavy Plow
42:52 Chemistry
44:24 Detinets
45:00 Hoardings
45:55 Siege Engineers
46:23 Crop Rotation
46:33 Husbandry
45:56 Halberdier
47:47 Capped Ram
49:43 Chain Mail Armor
49:24 Bodkin Arrow
49:16 Onager
51:15 Conscription
54:25 Chain Barding Armor
58:34 Druzhina
58:01 Siege Onager
60:38 Plate Barding Armor
62:53 Siege Ram
65:11 Blast Furnace
kamikaze21_
6:56 Loom
13:43 Feudal Age
15:01 Wheelbarrow
14:12 Town Watch
23:33 Castle Age
22:53 Fishing Lines
26:05 Husbandry
26:49 Gillnets
28:47 Double-Bit Axe
32:58 Bow Saw
33:17 Horse Collar
34:12 Fletching
34:27 Padded Archer Armor
38:51 Medical Corps
39:57 Heavy Plow
40:31 Light Cavalry
49:24 Hand Cart
50:03 Squires
58:52 Thumb Ring
benjiwoo
9:41 Loom
14:06 Feudal Age
15:14 Man-at-Arms
16:21 Double-Bit Axe
21:03 Wheelbarrow
24:11 Castle Age
23:38 Gold Mining
24:01 Stone Mining
24:53 Town Watch
25:20 Bow Saw
27:14 Pikeman
39:18 Imperial Age
38:22 Scale Mail Armor
38:27 Scale Barding Armor
40:54 Gold Shaft Mining
43:05 Conscription
43:30 Cavalier
44:55 Chain Barding Armor
44:48 Forging
46:49 Halberdier
50:03 Squires
50:20 Elite Skirmisher
58:56 Iron Casting
61:30 Paladin
62:37 Gambesons
63:30 Plate Barding Armor
63:31 Iron Casting
63:48 Husbandry
65:23 Hand Cart
65:12 Town Patrol
72:08 Spies/Treason
felipecmtz
4:07 Loom
15:48 Feudal Age
29:12 Wheelbarrow
29:21 Domestication
33:13 Castle Age
34:15 Light Cavalry
killerClown9969
19:14 Feudal Age
21:54 Wheelbarrow
22:14 Double-Bit Axe
22:12 Horse Collar
26:28 Town Watch
29:09 Scale Mail Armor
29:20 Forging
29:17 Scale Barding Armor
34:09 Gold Mining
34:11 Stone Mining
38:02 Castle Age
35:36 Man-at-Arms
39:18 Bloodlines
40:42 Chain Mail Armor
40:48 Chain Barding Armor
41:04 Iron Casting
39:58 Pikeman
40:40 Squires
41:09 Squires
40:41 Pikeman
45:24 Hand Cart
46:18 Stone Shaft Mining
48:27 Imperial Age
45:59 Town Patrol
50:23 Imperial Age
48:28 Bow Saw
48:23 Heavy Plow
48:53 Town Patrol
55:02 Halberdier
56:48 Blast Furnace
56:46 Conscription
56:28 Perfusion
55:50 Elite Huskarl
56:32 Anarchy
59:46 Long Swordsman
61:08 Crop Rotation
61:41 Two-Man Saw
68:28 Coinage
67:29 Two-Handed Swordsman
67:50 Champion
ZURITA3570
3:21 Loom
18:01 Feudal Age
18:31 Double-Bit Axe
18:39 Gold Mining
18:40 Stone Mining
27:00 Forging
26:51 Scale Mail Armor
28:31 Padded Archer Armor
28:22 Fletching
29:11 Wheelbarrow
31:49 Castle Age
32:03 Arson
32:31 Scale Barding Armor
32:57 Hand Cart
32:59 Husbandry
32:45 Pikeman
33:25 Squires
37:59 Iron Casting
37:40 Chain Mail Armor
37:40 Leather Archer Armor
37:21 Bodkin Arrow
37:47 Chain Barding Armor
37:51 Sanctity
37:32 Atonement
42:07 Crossbowman
42:53 Thumb Ring
45:40 Imperial Age
45:04 Bow Saw
45:37 Stone Shaft Mining
44:44 Elite Skirmisher
47:24 Blast Furnace
49:14 Capped Ram
53:25 Elite Genoese Crossbowman
56:35 Cavalier
71:39 Silk Road
71:30 Pirotechnia
Connection lost

Rejoining the realm…

Still unreachable

The connection could not be restored.

Session expired

The server has moved on; the page needs a fresh start.